[Event "*** SCC Grand Prix: Titled Tuesday Blitz"]
[Site "Chess.com"]
[Date "2020.09.08"]
[Round "6"]
[White "Mambastik-Fantastic"]
[Black "FMalexhdez"]
[Result "1-0"]
[WhiteElo "2302"]
[BlackElo "2207"]
[TimeControl "180+1"]
[EndTime "11:07:08 PDT"]
[Termination "Mambastik-Fantastic won on time"]

1. e4 c5 2. Nf3 d6 3. d4 cxd4 4. Nxd4 Nf6 5. Nc3 a6 6. Be3 e5 7. Nb3 Be6 8. Qd2 Nbd7 9. O-O-O Qc7 10. f4 exf4 11. Bxf4 Ne5 12. h3 Rc8 13. Kb1 b5 14.
g4 b4 15. Nd5 Bxd5 16. exd5 Nfd7 17. Bxa6 Rb8 18. Rhe1 Be7 19. Nd4 O-O 20. Nf5 Bf6 21.
g5 Bd8 22. Bd3 Qa5 23. Nxd6 Nxd3 24. Qxd3 Ra8 25. Qc4 Bc7 26. Nb7 Qa7 27. Bxc7 Qxb7 28. Re7 Nb6 29. Qxb4 Qa7 30. Bxb6 Qxa2+ 31. Kc1 Rfc8 32.
Rc7 Rd8 33. d6 Ra4 34. Qb3 Qa1+ 35. Kd2 Rxd6+ 36. Kc3 1-0

[Event "*** SCC Grand Prix: Titled Tuesday Blitz"]
[Site "Chess.com"]
[Date "2020.09.08"]
[Round "6"]
[White "PowerThinking2650"]
[Black "TudorAnton"]
[Result "0-1"]
[WhiteElo "2398"]
[BlackElo "2572"]
[TimeControl "180+1"]
[EndTime "11:07:09 PDT"]
[Termination "TudorAnton won by resignation"]

1. e4 e5 2. Nf3 Nc6 3. Nc3 Nf6 4. d4 exd4 5. Nxd4 Bb4 6. Nxc6 bxc6 7. Bd3 O-O 8. O-O Bxc3 9. bxc3 d5 10. exd5 cxd5 11.
c4 Be6 12. cxd5 Nxd5 13. Bb2 Rb8 14. Rb1 Qg5 15. Qf3 Nf4 16. Bd4 Rxb1 17. Rxb1 Nxd3 18.
cxd3 Bxa2 19. Ra1 Bd5 20. Qg3 Qxg3 21. hxg3 Re8 22. Rxa7 c6 23. Be3 f6 24. g4 Rb8 25. g5 Rb1+ 26. Kh2 fxg5 27. Bd4 Rd1 28. Rxg7+ Kf8 29. Rxg5 Rxd3 30. Bc5+ Kf7 31. f4 h6 32. Rg3 Rd2 33. Bd6 Ke6 34. Rg6+ Kf5 35. Rg7 Bxg2 36. Be5 Bd5+ 37. Kh3 Ke4 38. Rg6 h5 39. Rg5 Be6+ 40. Kg3 Rd3+ 41. Kf2 h4 42. Bc7 Bf5 43. Rh5 h3 44. Rh8 Rd2+ 45. Kg3 Rg2+ 46. Kh4 h2 0-1

[Event "*** SCC Grand Prix: Titled Tuesday Blitz"]
[Site "Chess.com"]
[Date "2020.09.08"]
[Round "6"]
[White "sergiochess83"]
[Black "albi1999"]
[Result "1-0"]
[WhiteElo "2835"]
[BlackElo "2631"]
[TimeControl "180+1"]
[EndTime "11:07:10 PDT"]
[Termination "sergiochess83 won by resignation"]

1. e4 c6 2. d4 d5 3. e5 Bf5 4. Nf3 e6 5. Be2 Nd7 6. O-O h6 7. Nbd2 Ne7 8. Nb3 g5 9. a4 Qc7 10. Bd2 Bg7 11. Bb4 Ng6 12. Bd6 Qd8 13. Bd3 Bxd3 14.
Qxd3 Bf8 15. Bxf8 Kxf8 16. g3 Kg7 17. a5 f6 18. exf6+ Qxf6 19. Rae1 Rhf8 20. Re3 Rae8 21. Qc3 g4 22. Ne5 Ndxe5 23. dxe5 Qg5 24. a6 bxa6 25. Qxc6 Nxe5 26. Qc3 Rf5 27. Rfe1 Qf6 28. Rxe5 Rxf2 29. Nc5 d4 30. Qxd4 Rxh2 31. Kxh2 1-0

[Event "*** SCC Grand Prix: Titled Tuesday Blitz"]
[Site "Chess.com"]
[Date "2020.09.08"]
[Round "6"]
[White "daro94"]
[Black "fighter2jz"]
[Result "1-0"]
[WhiteElo "2964"]
[BlackElo "2717"]
[TimeControl "180+1"]
[EndTime "11:07:11 PDT"]
[Termination "daro94 won by resignation"]

1. Nf3 Nf6 2. b3 g6 3. Bb2 Bg7 4. g3 b6 5. Bg2 Bb7 6. O-O O-O 7. c4 e6 8. Nc3 d5 9. cxd5 exd5 10. d4 Nbd7 11.
Rc1 a6 12. Ne5 Rc8 13. e3 Nxe5 14. dxe5 Ne4 15. Nxe4 dxe4 16. Qc2 Qd5 17. Rfd1 Qa5 18. a4 b5 19. Bxe4 Bxe4 20. Qxe4 bxa4 21. bxa4 c5 22. Rc4 Rfe8 23. Kg2 Qb6 24. Bc3 Qb3 25. Rd5 Qb7 26. Rd6 Qb3 27. f4 Rcd8 28. Rxd8 Rxd8 29. Rxc5 Bf8 30. Rc7 Qd1 31. Qc4 Qc2+ 32. Kh3 Qf5+ 33. g4 Qd7 34. Rxd7 1-0

[Event "*** SCC Grand Prix: Titled Tuesday Blitz"]
[Site "Chess.com"]
[Date "2020.09.08"]
[Round "6"]
[White "narutosmith"]
[Black "HouseOfDurin"]
[Result "0-1"]
[WhiteElo "2240"]
[BlackElo "2127"]
[TimeControl "180+1"]
[EndTime "11:07:13 PDT"]
[Termination "HouseOfDurin won on time"]

1. c4 c5 2. Nc3 Nc6 3. g3 g6 4.
Bg2 Bg7 5. a3 e5 6. b4 d6 7. Qa4 Ne7 8. b5 Nd4 9. e3 Ne6 10. b6+ Bd7 11. Nb5 axb6 12. Nxd6+ Kf8 13. Qb3 Bc6 14. Ne4 f5 15. f3 fxe4 16. fxe4 Bf6 17. Nh3 Kg7 18. O-O Rf8 19. Nf2 h5 20. h4 g5 21. Bh3 Qd6 22. Bg2 gxh4 23. gxh4 Bxh4 24. Nh3 Rxf1+ 25. Bxf1 Rf8 26. Bg2 Ng6 27. d3 Ng5 28.
Bd2 Nxh3+ 29. Bxh3 Bf2+ 30. Kh1 Bd7 31. Bg2 Qf6 32. Rf1 Qh4+ 0-1

[Event "*** SCC Grand Prix: Titled Tuesday Blitz"]
[Site "Chess.com"]
[Date "2020.09.08"]
[Round "6"]
[White "Ladislav1969"]
[Black "tylityli"]
[Result "0-1"]
[WhiteElo "2339"]
[BlackElo "2248"]
[TimeControl "180+1"]
[EndTime "11:07:14 PDT"]
[Termination "tylityli won by resignation"]

1. e4 e5 2. Bc4 Nf6 3. d3 c6 4. Nf3 d5 5. Bb3 Bd6 6. Nc3 d4 7. Ne2 O-O 8. Ng3 Be6 9. Nd2 a5 10. a4 Bxb3 11. Nxb3 Re8 12. O-O Nbd7 13. Nd2 b5 14. Nb3 Bf8 15. Bd2 Bb4 16. c3 dxc3 17.
bxc3 Bf8 18. Qc2 Nb6 19. axb5 a4 20. Nc1 cxb5 21. Rb1 Qd7 22. Be3 Reb8 23. d4 Nc4 24. dxe5 Nxe3 25. fxe3 Ng4 26. Qe2 Nxe5 27. Rxb5 Qxb5 28.
Qh5 Ng6 29. Nf5 a3 30. Rf3 Qb1 31. Rf1 a2 32. Qf3 Ra7 33. Nxa2 Qxa2 34. h4 Rb1 35. h5 Rxf1+ 36. Qxf1 Qa1 37. hxg6 Qxf1+ 0-1

[Event "*** SCC Grand Prix: Titled Tuesday Blitz"]
[Site "Chess.com"]
[Date "2020.09.08"]
[Round "6"]
[White "Klavdia_Nik"]
[Black "paulrusan"]
[Result "0-1"]
[WhiteElo "2118"]
[BlackElo "2261"]
[TimeControl "180+1"]
[EndTime "11:07:14 PDT"]
[Termination "paulrusan won on time"]

1. Nf3 f5 2. c4 Nf6 3. b3 g6 4. Bb2 Bg7 5. g3 O-O 6. Bg2 d6 7. d4 Ne4 8. Nc3 Nc6 9. Rc1 Nxc3 10. Bxc3 e5 11. d5 Ne7 12. O-O a5 13. e3 b6 14.
Ng5 h6 15. Ne6 Bxe6 16. dxe6 Rb8 17. f4 Qc8 18. e4 Qxe6 19. exf5 gxf5 20. fxe5 dxe5 21.
Qe2 Kh8 22. Rcd1 Rbd8 23. Qh5 e4 24. Bxg7+ Kxg7 25. Qe2 Ng6 26. Bh3 Rxd1 27. Rxd1 Qf6 28. Rd5 Ne5 29. Kg2 c6 30. Rd6 Qxd6 0-1

[Event "*** SCC Grand Prix: Titled Tuesday Blitz"]
[Site "Chess.com"]
[Date "2020.09.08"]
[Round "6"]
[White "Chessmatus"]
[Black "Bhagya_2312"]
[Result "0-1"]
[WhiteElo "2377"]
[BlackElo "2108"]
[TimeControl "180+1"]
[EndTime "11:07:18 PDT"]
[Termination "Bhagya_2312 won by resignation"]

1. e4 c6 2. d4 d5 3. e5 Bf5 4. Nf3 e6 5. Be2 Nd7 6. O-O Bg6 7. Nbd2 Nh6 8. Nb3 Nf5 9. a4 Rc8 10.
a5 a6 11. c4 dxc4 12. Bxc4 Be7 13. g4 Nh6 14. h3 Ng8 15. Be3 Be4 16. Nfd2 Bd5 17.
Rc1 h5 18. Bxd5 exd5 19. gxh5 Nh6 20. Qc2 Nf8 21. f4 g6 22. hxg6 fxg6 23. Nf3 Qd7 24. Kg2 Nf5 25. Bf2 Ne6 26. Qd3 Nxf4+ 0-1

[Event "*** SCC Grand Prix: Titled Tuesday Blitz"]
[Site "Chess.com"]
[Date "2020.09.08"]
[Round "6"]
[White "davidkalashian"]
[Black "Nikithebest"]
[Result "1-0"]
[WhiteElo "2606"]
[BlackElo "2442"]
[TimeControl "180+1"]
[EndTime "11:07:19 PDT"]
[Termination "davidkalashian won by checkmate"]

1. d4 Nf6 2. c4 c5 3. Nf3 cxd4 4. Nxd4 e5 5. Nb5 d5 6. cxd5 Bc5 7. N5c3 O-O 8. g3 Qb6 9. e3 e4 10. Nd2 Bg4 11.
Qb3 Qc7 12. Bg2 Re8 13. Ndxe4 Nxe4 14. Nxe4 Rxe4 15. Bxe4 Bh3 16. Bd2 Nd7 17. Qc2 g6 18. b4 Bd6 19. Qxc7 Bxc7 20. Ke2 Bd6 21. a3 Re8 22.
Bc2 h5 23. Ba4 Re7 24. Rac1 Ne5 25. f3 g5 26. Rhg1 g4 27. f4 Nf3 28. Rgd1 Nxh2 29. Bc3 Bg2 30. Rd2 Nf3 31. Bf6 Nxd2 32. Rc8+ Kh7 33. Kxd2 Rc7 34. Bc2+ Kh6 35. Rh8# 1-0

[Event "*** SCC Grand Prix: Titled Tuesday Blitz"]
[Site "Chess.com"]
[Date "2020.09.08"]
[Round "6"]
[White "annamaja"]
[Black "GM_LOADING"]
[Result "0-1"]
[WhiteElo "2295"]
[BlackElo "2555"]
[TimeControl "180+1"]
[EndTime "11:07:20 PDT"]
[Termination "GM_LOADING won on time"]

1. e4 e5 2. Nf3 Nc6 3. Bb5 g6 4. c3 a6 5. Bxc6 dxc6 6. d3 Bg7 7. Bg5 Ne7 8. Nbd2 Qxd3 9. Bxe7 Kxe7 10. Qb3 Qb5 11.
Qa3+ Ke8 12. c4 Qb6 13. c5 Qb5 14. Qc3 a5 15. a3 Be6 16. O-O-O f6 17. h4 h5 18. Kb1 Ke7 19. Nf1 Rhd8 20. Ne3 a4 21. Rxd8 Rxd8 22. Rc1 Rd3 23. Qc2 Bb3 24. Qe2 Bh6 25.
Ne1 Rd8 26. Qf3 Bxe3 27. Qxe3 Qf1 0-1

[Event "*** SCC Grand Prix: Titled Tuesday Blitz"]
[Site "Chess.com"]
[Date "2020.09.08"]
[Round "6"]
[White "Yashasd1995"]
[Black "M1711"]
[Result "0-1"]
[WhiteElo "2662"]
[BlackElo "2510"]
[TimeControl "180+1"]
[EndTime "11:07:23 PDT"]
[Termination "M1711 won on time"]

1. b3 b6 2. Bb2 Bb7 3. e3 Nf6 4. f4 e6 5. Nf3 Be7 6. Be2 c5 7.
O-O d6 8. c4 Nbd7 9. Nc3 O-O 10. d4 cxd4 11. exd4 d5 12. Ne5 Rc8 13. Bf3 Ba8 14.
Rc1 Ne4 15. cxd5 Nxc3 16. Rxc3 Bxd5 17. Bxd5 exd5 18. Qg4 Rxc3 19. Bxc3 Nf6 20. Qe2 Ne4 21. Bb2 Qc8 22. f5 Bg5 23. g3 Re8 24. Qb5 Nf6 25.
Kg2 Qc2+ 26. Rf2 Qe4+ 27. Kh3 h5 0-1

[Event "*** SCC Grand Prix: Titled Tuesday Blitz"]
[Site "Chess.com"]
[Date "2020.09.08"]
[Round "6"]
[White "LaPorfia"]
[Black "Sanyura"]
[Result "0-1"]
[WhiteElo "2275"]
[BlackElo "2552"]
[TimeControl "180+1"]
[EndTime "11:07:23 PDT"]
[Termination "Sanyura won on time"]

1. d4 Nf6 2. Nf3 g6 3. Nc3 d5 4.
Bf4 c6 5. e3 Bg7 6. Be2 O-O 7.
Ne5 Nbd7 8. h4 h5 9. f3 Ne8 10. Qd2 a5 11. g4 Nef6 12. O-O-O a4 13. Rdg1 a3 14. b3 Qa5 15. Nxd7 Bxd7 16. Be5 hxg4 17.
fxg4 Ne4 18. Nxe4 Bxe5 19. dxe5 dxe4 20. Qxa5 Rxa5 21. Rd1 Be6 22. Rd4 Rxe5 23. Rhd1 b5 24. c3 Kg7 25. Rd8 Rc5 26. Rxf8 Kxf8 27. Kc2 Kg7 28.
Rd4 f5 29. g5 Rd5 30. Kd2 Rxd4+ 31. cxd4 Bxb3 0-1

[Event "*** SCC Grand Prix: Titled Tuesday Blitz"]
[Site "Chess.com"]
[Date "2020.09.08"]
[Round "6"]
[White "Konavets"]
[Black "Fandorine"]
[Result "1/2-1/2"]
[WhiteElo "3073"]
[BlackElo "2917"]
[TimeControl "180+1"]
[EndTime "11:07:26 PDT"]
[Termination "Game drawn by repetition"]

1. e4 e5 2. Nf3 Nc6 3. Bc4 Bc5 4.
O-O Nf6 5. d3 d6 6. c3 h6 7. a4 a5 8. Nbd2 O-O 9. Re1 Be6 10.
Bb5 Ba7 11. Nf1 Ne7 12. d4 Ng6 13. Ng3 c6 14. Bf1 Re8 15. h3 Qc7 16. Be3 Rad8 17. Qc2 Bb8 18. Rad1 Qe7 19. Qc1 Bc7 20. Nf5 Bxf5 21.
exf5 Nf8 22. dxe5 dxe5 23. Bc4 Nd5 24. Nd2 Nh7 25. Ne4 Nxe3 26. Qxe3 Nf6 27. Qf3 Bb6 28. g3 Rxd1 29. Qxd1 Rd8 30. Qb3 Ba7 31. Nxf6+ gxf6 32. Re2 Rd7 33. Kg2 Qc5 34. Qa2 Kg7 35. Bb3 e4 36.
Qb1 Qxf5 37. Qxe4 Qxe4+ 38. Rxe4 Rd2 39. Re7 Rxf2+ 40. Kh1 Rf1+ 41. Kg2 Rf2+ 42. Kh1 Rf1+ 43. Kg2 Rf2+ 1/2-1/2

[Event "*** SCC Grand Prix: Titled Tuesday Blitz"]
[Site "Chess.com"]
[Date "2020.09.08"]
[Round "6"]
[White "creativity"]
[Black "awesomevishesh"]
[Result "0-1"]
[WhiteElo "2084"]
[BlackElo "2392"]
[TimeControl "180+1"]
[EndTime "11:07:26 PDT"]
[Termination "awesomevishesh won by resignation"]

1. d4 Nf6 2. c4 g6 3. Nc3 Bg7 4. e4 d6 5. Nf3 O-O 6. Be2 Nbd7 7. O-O e5 8. Re1 Re8 9. d5 Nc5 10. Nd2 a5 11. Qc2 Rf8 12. Nf1 Ne8 13. Be3 b6 14. Nd2 f5 15. f3 f4 16. Bf2 g5 17. g4 h5 18. h3 Rf6 19. Kg2 Rh6 20. Rh1 Nf6 21. b3 Ncd7 22. a3 Nf8 23. b4 Ng6 24.
c5 bxc5 25. bxc5 dxc5 26. Na4 Bf8 27. Nxc5 Bxc5 28. Qxc5 Bd7 29. Rac1 Ne8 30. Nc4 a4 31. Qd6 cxd6 0-1

[Event "*** SCC Grand Prix: Titled Tuesday Blitz"]
[Site "Chess.com"]
[Date "2020.09.08"]
[Round "6"]
[White "GelmanAlexander"]
[Black "Konek-Gorbunok"]
[Result "1-0"]
[WhiteElo "2511"]
[BlackElo "2331"]
[TimeControl "180+1"]
[EndTime "11:07:28 PDT"]
[Termination "GelmanAlexander won by resignation"]

1. d4 d5 2. Nc3 e6 3. Bf4 c6 4. e4 dxe4 5. Nxe4 Be7 6. Nf3 Nf6 7. Bd3 Nxe4 8. Bxe4 Nd7 9. Qe2 Nf6 10. Bd3 c5 11. O-O-O cxd4 12. Bb5+ Bd7 13. Rxd4 Qb6 14. Rxd7 Nxd7 15. Ne5 O-O 16. Nxd7 Qa5 17. Nxf8 Qxa2 18. Rd1 Bxf8 19. Qe5 Rc8 20. c3 Rc5 21. Qe2 a6 22.
Bd3 Rd5 23. Bb1 Qa4 24. Rxd5 exd5 25. Be3 g6 26. Qd3 Qg4 27. g3 Qf3 28. Bc2 Qh1+ 29.
Bd1 Qxh2 30. Qxd5 Qg1 31. Kd2 Qf1 32. Bb3 1-0

[Event "*** SCC Grand Prix: Titled Tuesday Blitz"]
[Site "Chess.com"]
[Date "2020.09.08"]
[Round "6"]
[White "Bodnar_Mykola"]
[Black "penguingm1"]
[Result "0-1"]
[WhiteElo "2527"]
[BlackElo "2940"]
[TimeControl "180+1"]
[EndTime "11:07:29 PDT"]
[Termination "penguingm1 won by resignation"]

1. e4 e5 2. Nf3 Nc6 3. Bb5 a6 4. Ba4 Nf6 5. d3 d6 6. O-O b5 7. Bb3 Na5 8. Nc3 Nxb3 9. axb3 Bb7 10. Re1 Be7 11. b4 O-O 12. d4 exd4 13. Nxd4 Re8 14.
Bg5 Nxe4 15. Bxe7 Rxe7 16. Nxe4 Rxe4 17. Rxe4 Bxe4 18. Qg4 Bd5 19. Re1 Qf6 20. c3 c5 21.
bxc5 dxc5 22. Qd7 Qd8 23. Qxd8+ Rxd8 24. Nc2 Bb3 25. Ne3 Kf8 26. Re2 a5 27. f4 a4 28. Kf2 b4 29. cxb4 cxb4 30. Nc2 Rb8 31. Nd4 Bd5 32. Re5 Rd8 33. Nc2 a3 34. Nxb4 axb2 35. Re1 Be4 0-1

[Event "*** SCC Grand Prix: Titled Tuesday Blitz"]
[Site "Chess.com"]
[Date "2020.09.08"]
[Round "6"]
[White "Sibelephant"]
[Black "emiliocordova"]
[Result "1-0"]
[WhiteElo "3121"]
[BlackElo "2800"]
[TimeControl "180+1"]
[EndTime "11:07:31 PDT"]
[Termination "Sibelephant won by resignation"]

1. c4 e5 2. Nc3 Nc6 3. Nf3 Nf6 4.
g3 Bb4 5. Bg2 O-O 6. O-O Re8 7. d3 h6 8. Nd5 a5 9. a3 Bc5 10. e3 d6 11. b3 Bg4 12. h3 Bh5 13. Bb2 Nxd5 14. cxd5 Ne7 15. g4 Bg6 16. d4 exd4 17. Nxd4 Bh7 18. Qd2 Bb6 19. Qc3 Bxd4 20. Qxd4 f6 21. h4 Ng6 22. g5 hxg5 23. hxg5 Ne5 24.
f4 Nd3 25. Bc3 Qe7 26. g6 Bxg6 27. f5 Bxf5 28. Rxf5 Qxe3+ 29. Qxe3 Rxe3 30. Rf3 Rae8 31. Bxa5 b6 32. Bd2 Rxf3 33. Bxf3 Nc5 34. b4 Nb3 35. Ra2 Nxd2 36. Rxd2 Re3 37. Kf2 Rxa3 38. Rc2 Rb3 39. Rxc7 Rxb4 40. Rd7 Kf8 41. Bh5 Rh4 42. Bf7 b5 43.
Be6 b4 44. Rxd6 b3 45. Rd8+ Ke7 46. Rd7+ Ke8 47. Rb7 b2 48. d6 1-0

[Event "*** SCC Grand Prix: Titled Tuesday Blitz"]
[Site "Chess.com"]
[Date "2020.09.08"]
[Round "6"]
[White "Sven_Tica"]
[Black "sasko1234"]
[Result "1-0"]
[WhiteElo "2705"]
[BlackElo "2422"]
[TimeControl "180+1"]
[EndTime "11:07:31 PDT"]
[Termination "Sven_Tica won by resignation"]

1. d4 Nf6 2. c4 d6 3. Nc3 Bf5 4.
g3 c6 5. Bg2 Nbd7 6. e4 Bg6 7.
Nge2 e5 8. O-O Be7 9. h3 O-O 10. f4 exf4 11. Bxf4 Qb6 12. Qd2 Rfe8 13. Rae1 Bf8 14.
Nc1 Nh5 15. b3 Nxf4 16. gxf4 f5 17. e5 dxe5 18. fxe5 Rad8 19. Na4 Qc7 20. Nd3 Kh8 21. Qf2 b5 22. cxb5 cxb5 23. Rc1 Qa5 24. Nac5 Nxc5 25.
Nxc5 Qb4 26. Bc6 Re7 27. Rfd1 Rc7 28. Ne6 Rcc8 29. Nxd8 Rxd8 30. d5 f4 31. d6 a5 32.
Bf3 Bf5 33. Qe1 Qa3 34. e6 Bxd6 35. e7 Bxe7 36. Rxd8+ 1-0

[Event "*** SCC Grand Prix: Titled Tuesday Blitz"]
[Site "Chess.com"]
[Date "2020.09.08"]
[Round "6"]
[White "IroniaSudby"]
[Black "francyIM"]
[Result "0-1"]
[WhiteElo "2502"]
[BlackElo "2708"]
[TimeControl "180+1"]
[EndTime "11:07:31 PDT"]
[Termination "francyIM won by resignation"]

1. d4 Nf6 2. c4 e6 3. Nc3 Bb4 4. Nf3 O-O 5. Bg5 h6 6. Bh4 c5 7. dxc5 Na6 8. Qc2 Nxc5 9. e3 Nce4 10. Bd3 Bxc3+ 11. bxc3 Nc5 12. O-O d6 13. Rfd1 Qe7 14. Nd4 b6 15. f3 Bb7 16. a4 Rfc8 17. Bf1 Rd8 18. a5 bxa5 19. Rxa5 a6 20. e4 Ncd7 21. Rb1 Rdb8 22. Bf2 Nc5 23. h3 Qc7 24. Ra2 Bc8 25.
Rab2 Rxb2 26. Qxb2 Nfd7 27. Qa3 Rb8 28. Rd1 Nb6 29. Qa5 Rb7 30. Bg3 e5 31. Nc2 Be6 32.
Ne3 Ncd7 33. Qa3 Nc8 34. Kh2 Nc5 35. Be2 Rb3 36. Qc1 a5 37. Nd5 Bxd5 38. Rxd5 a4 39. f4 Nxe4 40. fxe5 Nxg3 41. exd6 Nxd6 42. Bf3 Ndf5 43.
Qd2 Nf1+ 0-1

[Event "*** SCC Grand Prix: Titled Tuesday Blitz"]
[Site "Chess.com"]
[Date "2020.09.08"]
[Round "6"]
[White "Elegance_Riks"]
[Black "r31415"]
[Result "0-1"]
[WhiteElo "2598"]
[BlackElo "2474"]
[TimeControl "180+1"]
[EndTime "11:07:31 PDT"]
[Termination "r31415 won by checkmate"]

1. e4 e5 2. Nf3 Nc6 3. Nc3 Nf6 4.
Bb5 Nd4 5. O-O Nxb5 6. Nxb5 c6 7. Nc3 d6 8. d4 Qc7 9. Bg5 Be7 10. a4 O-O 11. Qd3 h6 12. Bh4 Re8 13. Bxf6 Bxf6 14. d5 a5 15. Nd2 Be7 16. Nc4 Bg4 17. Ne3 Bd7 18. Rad1 Rad8 19. Nf5 Bc8 20. Qg3 Bxf5 21. exf5 Qb6 22. b3 Qb4 23. Rfe1 Bg5 24. Ne4 cxd5 25. Nxg5 hxg5 26. Qxg5 f6 27. Qh5 d4 28. Re4 d5 29.
Rg4 Qf8 30. Rd3 Qf7 31. Qh4 Rc8 32. Rh3 Kf8 33. Qh8+ Ke7 34. Qh7 Rxc2 35. g3 Rg8 36. Rh6 d3 37. Rhg6 Kf8 38. Rxf6 Qxf6 39. Qh5 d2 40. Rg6 Rc1+ 41. Kg2 d1=Q 42. Rxf6+ gxf6 43. Qh6+ Kf7 44. Qh7+ Rg7 45. Qh8 Qf1+ 46. Kf3 Rc3# 0-1

[Event "*** SCC Grand Prix: Titled Tuesday Blitz"]
[Site "Chess.com"]
[Date "2020.09.08"]
[Round "6"]
[White "wonderfultime"]
[Black "Artem_Sadovsky"]
[Result "1-0"]
[WhiteElo "2919"]
[BlackElo "2523"]
[TimeControl "180+1"]
[EndTime "11:07:32 PDT"]
[Termination "wonderfultime won on time"]

1. d4 g6 2. e4 Bg7 3. Nf3 d6 4. Bc4 c5 5. dxc5 Qa5+ 6. c3 Qxc5 7. Qe2 Nf6 8. h3 O-O 9. O-O a6 10. Be3 Qc7 11. Bf4 b5 12. Bb3 Bb7 13. Nbd2 Nbd7 14. Rfe1 Rac8 15. a4 Nc5 16. Bc2 Nxa4 17. Bxa4 bxa4 18. Rxa4 Nd7 19. Ra3 Nc5 20. e5 d5 21. Qe3 Ne6 22. Bh6 Qc5 23. Qxc5 Nxc5 24. Bxg7 Kxg7 25. Re3 Rb8 26. Nd4 Rfc8 27. f3 e6 28. b4 Nd7 29. f4 Rc7 30. g4 Rbc8 31. f5 exf5 32. gxf5 Re8 33. e6 Nf6 34. Ra1 Bc8 35.
Rae1 fxe6 36. fxe6 Bb7 37. Rf1 Ne4 38. N2b3 Rxc3 39.
Rxc3 Nxc3 40. Rf7+ Kh6 41. Rxb7 1-0

[Event "*** SCC Grand Prix: Titled Tuesday Blitz"]
[Site "Chess.com"]
[Date "2020.09.08"]
[Round "6"]
[White "Spriteball"]
[Black "AlexSuv"]
[Result "1/2-1/2"]
[WhiteElo "2276"]
[BlackElo "2538"]
[TimeControl "180+1"]
[EndTime "11:07:33 PDT"]
[Termination "Game drawn by stalemate"]

1. c4 e5 2. Nc3 Nc6 3. g3 Bc5 4. Bg2 a6 5. Nf3 d6 6. O-O Nf6 7. e3 O-O 8. d4 exd4 9. exd4 Ba7 10. b3 Bg4 11. d5 Ne5 12. h3 Nxf3+ 13. Bxf3 Bxh3 14. Bg2 Qd7 15. Bb2 Rae8 16. Ne2 Ne4 17. Nf4 Bxg2 18. Kxg2 Qf5 19. Qh5 Qxh5 20. Nxh5 f6 21. Rae1 Kf7 22. Re2 Nc5 23. Rfe1 Nd3 24. Rxe8 Rxe8 25. Rxe8 Kxe8 26. Bc3 Kf7 27. Nf4 Nxf4+ 28.
gxf4 Kg6 29. Kf3 Kf5 30. b4 h5 31. Bd2 g5 32. fxg5 fxg5 33. c5 h4 34. Be3 g4+ 35.
Kg2 dxc5 36. bxc5 Ke5 37. d6 cxd6 38. c6 Bb8 39. cxb7 Kd5 40. Bg5 h3+ 41. Kg3 Kc6 42. Bf4 h2 43. Kxh2 Kxb7 44. Kg3 Ba7 45. Bxd6 Kc6 46.
Bf4 Kd5 47. Be3 Bxe3 48. fxe3 Ke4 49. Kxg4 Kxe3 50. a4 a5 51. Kg3 Kd3 52. Kf3 Kc3 53. Ke3 Kb3 54. Kd3 Kxa4 55. Kc2 Ka3 56. Kb1 a4 57.
Ka1 Kb3 58. Kb1 a3 59. Ka1 a2 1/2-1/2

[Event "*** SCC Grand Prix: Titled Tuesday Blitz"]
[Site "Chess.com"]
[Date "2020.09.08"]
[Round "6"]
[White "abykhovsky"]
[Black "Funo09"]
[Result "0-1"]
[WhiteElo "2653"]
[BlackElo "2849"]
[TimeControl "180+1"]
[EndTime "11:07:34 PDT"]
[Termination "Funo09 won by checkmate"]

1. Nf3 Nf6 2. g3 g6 3. Bg2 Bg7 4. O-O O-O 5. c4 d6 6. Nc3 e5 7. d3 Nc6 8. Bg5 h6 9. Bxf6 Bxf6 10.
Rb1 a5 11. a3 Bg7 12. b4 axb4 13. axb4 Ne7 14. b5 Be6 15. Nd2 e4 16. Qb3 exd3 17. exd3 c6 18. Rfe1 Qd7 19. Ne2 Nf5 20. Nf3 g5 21.
Nd2 Ra7 22. bxc6 bxc6 23. Qb6 Rc8 24. Ne4 Ra2 25. N4c3 Rc2 26. Ne4 Ra8 27. Rbc1 Rb2 28. Qxb2 Bxb2 29. d4 Kg7 30. Rc2 Bxd4 31. g4 d5 32.
cxd5 cxd5 33. gxf5 Bxf5 34. Nxd4 Bxe4 35. Bxe4 dxe4 36. Rxe4 Qd5 37. Rce2 Ra1+ 38. Kg2 f5 39.
Nxf5+ Qxf5 40. h3 Ra3 41. R4e3 Ra6 42. Re5 Qc8 43. Re7+ Kg6 44. R7e5 Qc6+ 45. Kh2 Qf3 46. R5e3 Qf4+ 47. Kg2 Kh5 48. Rf3 Qd6 49. h4 Qd5 50.
hxg5 hxg5 51. Kg3 Ra1 52. Ree3 Qd1 53. Rf5 Qg1+ 54. Kh3 Qh1+ 55. Kg3 Rg1# 0-1

[Event "*** SCC Grand Prix: Titled Tuesday Blitz"]
[Site "Chess.com"]
[Date "2020.09.08"]
[Round "6"]
[White "Keures"]
[Black "Lion-Al-Messi"]
[Result "1-0"]
[WhiteElo "2362"]
[BlackElo "2534"]
[TimeControl "180+1"]
[EndTime "11:07:34 PDT"]
[Termination "Keures won on time"]

1. d4 b6 2. c4 Bb7 3. Nc3 Nf6 4. f3 Nc6 5. e4 e5 6. d5 Nd4 7. Nge2 Bc5 8. Nb5 Nxe2 9. Bxe2 Nh5 10. Qd3 Qh4+ 11.
Kd1 O-O 12. Kc2 a6 13. Nxc7 Rac8 14. d6 Qf6 15. Rd1 b5 16. b3 bxc4 17. bxc4 Bd4 18. Bb2 Qxd6 19. Nd5 Bc6 20. Bxd4 Ba4+ 21. Kd2 Bxd1 22.
Bxd1 exd4 23. g3 Nf6 24. Qxd4 Nxd5 25. cxd5 Qh6+ 26. Kd3 Qxh2 27. Be2 Qxg3 28. Rg1 Qxg1 29. Qxg1 d6 30. Qb6 Rfd8 31. Qxa6 Ra8 32. Qc4 Ra3+ 33. Kd2 h5 34. Bd1 h4 35. Bb3 g5 36. Qd4 Re8 37. Qf6 Re5 38. Qxd6 Re8 39. Qxa3 h3 40. Qd6 1-0

[Event "*** SCC Grand Prix: Titled Tuesday Blitz"]
[Site "Chess.com"]
[Date "2020.09.08"]
[Round "6"]
[White "XDPS"]
[Black "Susal_De_Silva"]
[Result "1-0"]
[WhiteElo "2796"]
[BlackElo "2511"]
[TimeControl "180+1"]
[EndTime "11:07:38 PDT"]
[Termination "XDPS won by checkmate"]

1. d4 Nf6 2. Bf4 e6 3. e3 d5 4. Nf3 Bd6 5. Nbd2 O-O 6. Bd3 c5 7. c3 Nc6 8. Bg3 b6 9. e4 Be7 10. e5 Nh5 11. a3 Bb7 12. Qe2 g6 13. h4 cxd4 14. cxd4 Nxg3 15. fxg3 h5 16. Qe3 Re8 17. Ng5 Bxg5 18. hxg5 Kg7 19. O-O Ne7 20. Rf6 Nf5 21.
Bxf5 exf5 22. Nf3 Bc8 23. e6 Rxe6 24. Rxe6 Bxe6 25. Qe5+ Kg8 26. Re1 Rc8 27. Re2 Rc1+ 28. Kh2 Qc8 29. Qf6 Rc2 30. Re1 Rxb2 31. Ne5 h4 32. Nxg6 hxg3+ 33. Kh3 f4+ 34. Kh4 fxg6 35. Qxg6+ Kf8 36. Rxe6 Rxg2 37. Rf6+ Ke7 38. Rf7+ Ke8 39. Qg8# 1-0

[Event "*** SCC Grand Prix: Titled Tuesday Blitz"]
[Site "Chess.com"]
[Date "2020.09.08"]
[Round "6"]
[White "Thjop"]
[Black "barriochess"]
[Result "0-1"]
[WhiteElo "2605"]
[BlackElo "2373"]
[TimeControl "180+1"]
[EndTime "11:07:38 PDT"]
[Termination "barriochess won by resignation"]

1. d4 Nf6 2. g3 g6 3. Bg2 Bg7 4. e4 d6 5. Nc3 O-O 6. Nge2 e5 7. h3 Nc6 8. Be3 exd4 9. Nxd4 Bd7 10. O-O Re8 11. f4 Nxe4 12. Nxe4 d5 13. Nxc6 Bxc6 14. Bxa7 dxe4 15. Be3 Bxb2 16. Rb1 Bg7 17. f5 Qxd1 18. Rbxd1 Rxa2 19. f6 Bf8 20. Rf2 Bd6 21.
g4 Rea8 22. Rfd2 Ra1 23. c4 Rxd1+ 24. Rxd1 Be5 25. g5 Ra1 26. Rxa1 Bxa1 27. Kf2 Be5 28. Ke2 h5 29. Kd2 Kf8 30. Kc2 Ke8 31. Kb3 Kd7 32.
Kb4 b6 33. Bf1 Ke6 34. Be2 Kf5 35. h4 Bg3 36. Bf1 Bxh4 37. Bh3+ Ke5 38. Kc3 Be1+ 39. Kb3 b5 40. c5 Bd5+ 41. Kc2 c6 42. Bd7 h4 43. Bg1 Bg3 44. Kd2 Bf4+ 45. Ke2 Bxg5 46.
Bh2+ Kxf6 0-1